 Dungeon Sprint DCSS version 0.24-a0-613-g1ff6aac338 (webtiles) character file.

Game seed: 12132596383099798708, levelgen mode: deterministic

10581 Chiseanne the Prestidigitator (level 11, -6/96 HPs)
             Began as a Demonspawn Artificer on Sept 12, 2019.
             Was an Initiate of Gozag.
             Killed by divine providence
             ... invoked by a daeva
              (15 damage)
             ... in the Dungeon (Sprint I: "Red Sonja").
             The game lasted 00:23:38 (4501 turns).

Chiseanne the Prestidigitator (DsAr)                Turns: 4501, Time: 00:23:38

Health: -6/96      AC: 21    Str: 17    XL:     11   Next: 38%
Magic:  22/22      EV: 19    Int: 16    God:    Gozag
Gold:   454        SH:  6    Dex: 14    Spells: 24/24 levels left

rFire    + . .     SeeInvis .   v - +0 demon blade of Infinite Pain {venom, Int+2} (curse)
rCold    . . .     Gourm    .   x - +0 buckler
rNeg     . . .     Faith    .   p - +2 ring mail {rF+}
rPois    .         Spirit   .   (helmet restricted)
rElec    .         Reflect  .   e - +0 cloak
rCorr    .         Harm     .   y - +1 pair of gloves {Str+3}
MR       .....     NoTele   +   (no boots)
Stlth    +.........             (no amulet)
HPRegen  0.26/turn              (no ring)
MPRegen  0.18/turn              (no ring)

@: sanguine armour, glowing
A: antennae 1, nightstalker 1, rot immunity, sanguine armour 2
a: Potion Petition, Call Merchant, Bribe Branch, Renounce Religion


You were in the Dungeon.
You worshipped Gozag.
Gozag was aware of your devotion.
You were full.

You visited 1 branch You collected 4189 gold pieces.
You spent 2228 gold pieces at shops.
You paid 1507 gold pieces to Gozag.

Inventory:

Hand Weapons
 a - a +2 dagger of distortion
 v - the cursed +0 demon blade of Infinite Pain (weapon) {venom, Int+2}
   (You bought it in a shop in the Dungeon)

   It poisons the flesh of those it strikes.
   It affects your intelligence (+2).
   It has a curse placed upon it.
Missiles
 b - 8 curare-tipped darts (quivered)
 i - 42 sling bullets
 n - 34 stones
 s - 16 arrows
 t - 5 silver javelins
Armour
 e - a +0 cloak (worn)
 h - a +0 helmet
 k - the cursed +0 chain mail of the Slorg {*Slow rC+ MR+, unknown}
   (You found it in the Dungeon)

   It protects you from cold.
   It affects your resistance to hostile enchantments.
   It may slow you when you take damage.
   It has a curse placed upon it.
 p - a +2 ring mail of fire resistance (worn)
 x - a +0 buckler (worn)
 y - a +1 pair of gloves of strength (worn)
 z - the +1 ring mail of Inaction {rPois}
   (You bought it in a shop in the Dungeon)

   It protects you from poison.
 A - the +1 leather armour of the Queen {SInv, unknown}
   (You bought it in a shop in the Dungeon)

   It lets you see invisible.
Wands
 c - a wand of flame (12)
 d - a wand of enslavement (9)
 q - a wand of polymorph (8)
 u - a wand of paralysis (7)
 C - a wand of clouds (4)
Scrolls
 f - a scroll of identify
Potions
 g - 3 potions of curing
 j - 2 potions of magic
 l - a potion of lignification
 m - a potion of flight
 o - a potion of degeneration {unknown}
 w - a potion of cancellation
 B - a potion of mutation
Comestibles
 r - 2 rations


   Skills:
 - Level 12.6 Fighting
 - Level 0.8 Short Blades
 - Level 9.3 Armour
 * Level 13.5 Dodging
 - Level 0.8 Stealth
 * Level 6.8 Shields
 * Level 7.3 Spellcasting
 * Level 14.7 Evocations


You had 24 spell levels left.
You didn't know any spells.
Your spell library contained the following spells:

 Spells                   Type           Power        Failure   Level  Hunger
 Static Discharge         Conj/Air       #.......     52%         3    ##.....
 Lightning Bolt           Conj/Air       #.........   99%         5    #####..
 Ignition                 Fire           #.........   100%        8    #######
 Shatter                  Erth           #.........   100%        9    #######
 Tornado                  Air            #.........   100%        9    #######


Dungeon Overview and Level Annotations

Branches:
Dungeon (1/1)

Altars:
Cheibriados
Dithmenos
Elyvilon
Fedhas
Gozag
Hepliaklqana
Kikubaaqudgha
Makhleb
Nemelex Xobeh
Okawaru
Qazlal
Ru
Sif Muna
Trog
Uskayaw
Vehumet
Wu Jian
Xom
Yredelemnul
Zin
The Shining One
Jiyva
Lugonu

Shops:
D :[}[%[(([}[*(%%:[!%


Innate Abilities, Weirdness & Mutations

You have a pair of small antennae on your head.
You are slightly more attuned to the shadows.
You are immune to rotting.
When seriously injured, your bleeding wounds create thick armour. (AC +9)


Message History

The Shining One smites you!
The daeva calls down the wrath of the Shining One upon you.
The Shining One smites you!
* * * LOW HITPOINT WARNING * * *
You see here 27 gold pieces.
You now have 454 gold pieces (gained 27).
The daeva calls down the wrath of the Shining One upon you.
The Shining One smites you!
* * * LOW HITPOINT WARNING * * *
You see here 27 gold pieces.
You see here 27 gold pieces.
You see here 27 gold pieces.
You see here 27 gold pieces.
The daeva calls down the wrath of the Shining One upon you.
The Shining One smites you!
* * * LOW HITPOINT WARNING * * *
The daeva calls down the wrath of the Shining One upon you.
The Shining One smites you!
You die...
Your body crumbles into a pile of gold. .##'#§####.§§§.# $ $$$$ $$ .'..#§#$ ##§.§##### $$ $$ ##..'.# $###'#...## $$$$$ $$$ ##'#### $ {#§##...# $$$$

#..^○.# $
#.§###$# $$$
#^°.^.+
$$$##.#A#$#
###°..#
#..###$#
§.#..°#
#.##..$#
#.#○.##
#..#@###
#.#○○# $$
##...#{ #§#
$$ $ $###.#{
#.#
$$$$$$$$$#.#
'§#
$$$$$$$$$#.#
#.# $


$$$$$$ #+# $$$$$$$$$ #§# $$$ $$$$$$$$ '.# $ $ ### You could see a daeva.

Vanquished Creatures
  A centaur warrior (D)
  Sonja (D)
  7 unseen horrors (D)
  A deep troll (D)
  A lindwurm (D)
  An oklob plant (D)
  A gargoyle (D)
  A kobold demonologist (D)
  2 demonic crawlers (D)
  A yak (D)
  Sigmund (D)
  13 hogs (D)
  A floating eye (D)
  An ogre (D)
  3 necrophages (D)
  3 jellies (D)
  Ijyb (D)
40 creatures vanquished.

Vanquished Creatures (collateral kills)
  A kobold demonologist (D)
  3 jellies (D)
4 creatures vanquished.

Vanquished Creatures (others)
  A deep elf master archer (D)
  A hydra (D)
  A centaur warrior (D)
  2 merfolk sirens (D)
  A gargoyle (D)
  A demonic crawler (D)
  5 hornets (D)
  A slime creature (D)
  2 redbacks (D)
  2 floating eyes (D)
  3 necrophages (D)
  2 jellies (D)
  A ballistomycete (D)
  2 ballistomycete spores (D)
25 creatures vanquished.

Grand Total: 69 creatures vanquished

Notes
Turn   | Place    | Note
-------+----------+-------------------------------------------
     0 | D        | Chiseanne the Demonspawn Artificer began the quest for the
                  | Orb.
     0 | D        | Reached XP level 1. HP: 15/15 MP: 3/3
     1 | D        | Noticed Ijyb
     4 | D        | Killed Ijyb
     4 | D        | Reached skill level 4 in Evocations
     4 | D        | Gained mutation: You are immune to rotting. [demonic
                  | ancestry]
     4 | D        | Reached XP level 2. HP: 24/24 MP: 5/5
   139 | D        | Noticed an ogre
   143 | D        | Killed an ogre
   143 | D        | Reached skill level 5 in Fighting
   143 | D        | Reached skill level 5 in Dodging
   143 | D        | Reached skill level 6 in Evocations
   143 | D        | Reached XP level 3. HP: 8/33 MP: 5/7
   143 | D        | Reached XP level 4. HP: 10/39 MP: 5/8
   376 | D        | Noticed Sigmund
   377 | D        | Killed Sigmund
   377 | D        | Reached skill level 7 in Evocations
   377 | D        | Reached XP level 5. HP: 48/48 MP: 8/10
   403 | D        | Found a shimmering blue altar of Sif Muna.
   404 | D        | Found an ornate altar of the Wu Jian Council.
   407 | D        | Gained mutation: When seriously injured, your bleeding
                  | wounds create armour. (AC +9) [demonic ancestry]
   407 | D        | Reached XP level 6. HP: 55/55 MP: 11/11
   408 | D        | Found a radiant altar of Vehumet.
   428 | D        | Found Emmam's Armour Emporium.
   428 | D        | Found an ancient bone altar of Kikubaaqudgha.
   428 | D        | Found a hazy altar of Hepliaklqana.
   428 | D        | Found a hide-covered altar of Uskayaw.
   428 | D        | Found a basalt altar of Yredelemnul.
   428 | D        | Found an opulent altar of Gozag.
   428 | D        | Found a snail-covered altar of Cheibriados.
   428 | D        | Found a sacrificial altar of Ru.
   428 | D        | Found a shadowy altar of Dithmenos.
   428 | D        | Noticed a yak
   432 | D        | Killed a yak
   432 | D        | Reached skill level 8 in Evocations
   433 | D        | Found a stormy altar of Qazlal.
   433 | D        | Found a blossoming altar of Fedhas.
   433 | D        | Found a bloodstained altar of Trog.
   433 | D        | Found an iron altar of Okawaru.
   433 | D        | Found a glowing golden altar of the Shining One.
   433 | D        | Found a glowing silver altar of Zin.
   433 | D        | Found a white marble altar of Elyvilon.
   539 | D        | Found a sparkling altar of Nemelex Xobeh.
   543 | D        | Bought a +2 ring mail of fire resistance for 252 gold
                  | pieces
   557 | D        | Became a worshipper of Gozag Ym Sagoz the Greedy
   563 | D        | Noticed Sonja
   565 | D        | Killed Sonja
   565 | D        | Reached skill level 10 in Evocations
   565 | D        | Gained mutation: You are slightly more attuned to the
                  | shadows. [demonic ancestry]
   565 | D        | Reached XP level 7. HP: 39/65 MP: 12/14
   712 | D        | Found Teitum's Book Boutique.
   916 | D        | Noticed a deep troll
   920 | D        | Killed a deep troll
   920 | D        | Reached skill level 10 in Fighting
   920 | D        | Reached skill level 5 in Armour
   920 | D        | Reached XP level 8. HP: 43/73 MP: 14/16
  1084 | D        | Found Nisuqir's Armour Emporium.
  1091 | D        | Bought a +0 cloak for 63 gold pieces
  1103 | D        | Noticed a centaur warrior
  1107 | D        | Killed a centaur warrior
  1107 | D        | Reached skill level 10 in Dodging
  1107 | D        | Reached skill level 11 in Evocations
  1107 | D        | Gained mutation: When seriously injured, your bleeding
                  | wounds create thick armour. (AC +9) [demonic ancestry]
  1107 | D        | Reached XP level 9. HP: 58/81 MP: 17/17
  1119 | D        | Noticed an oklob plant
  1125 | D        | Noticed a centaur warrior
  1343 | D        | Found a burning altar of Makhleb.
  1343 | D        | Found a viscous altar of Jiyva.
  1343 | D        | Found a shimmering altar of Xom.
  1343 | D        | Found a corrupted altar of Lugonu.
  1379 | D        | Killed a centaur warrior
  1387 | D        | Noticed a kobold demonologist
  1387 | D        | Noticed a kobold demonologist
  1394 | D        | Killed a kobold demonologist
  1400 | D        | Killed a kobold demonologist
  1511 | D        | Noticed a demonic crawler
  1511 | D        | Noticed a demonic crawler
  1511 | D        | Noticed a demonic crawler
  1511 | D        | Noticed a demonic crawler
  1546 | D        | Killed a demonic crawler
  1546 | D        | Reached skill level 12 in Evocations
  1564 | D        | Killed a deep elf master archer
  1606 | D        | Banished a demonic crawler
  1675 | D        | Killed a merfolk siren
  1773 | D        | Killed a 12-headed hydra
  1805 | D        | Killed a merfolk siren
  1816 | D        | Noticed a gargoyle
  1841 | D        | Noticed a lindwurm
  1999 | D        | Killed an oklob plant
  2094 | D        | Killed a gargoyle
  2229 | D        | Bought a ration for 50 gold pieces
  2229 | D        | Bought a ration for 50 gold pieces
  2229 | D        | Bought a ration for 50 gold pieces
  2333 | D        | Killed an unseen horror
  2333 | D        | Reached XP level 10. HP: 40/90 MP: 19/19
  2633 | D        | Found Liteviym's Antique Armour Shoppe.
  2633 | D        | Found Pomismus's Gadget Shop.
  2633 | D        | Found Tyosuz's Food Boutique.
  2635 | D        | Found Xan Qydo's Antique Armour Emporium.
  2635 | D        | Found Vupeorop's Antique Weapon Shop.
  2635 | D        | Found Ninwol's Weapon Shoppe.
  2635 | D        | Found Coen Mya's Armour Boutique.
  2635 | D        | Found Kihyxke's Gadget Emporium.
  2635 | D        | Found Battaots's Antique Armour Shop.
  2639 | D        | Found Voudgh's General Store.
  2640 | D        | Found Ximiy's Food Boutique.
  2641 | D        | Bought a scorched demon blade for 540 gold pieces
  2646 | D        | Found Hucehag's Book Emporium.
  2646 | D        | Found Nuwo Ekk's Food Boutique.
  2647 | D        | Found Fawkik's Distillery.
  2656 | D        | Killed an unseen horror
  2656 | D        | Reached skill level 13 in Evocations
  2888 | D        | Identified the cursed +0 demon blade of Infinite Pain
                  | {venom, Int+2} (You bought it in a shop in the Dungeon)
  3071 | D        | Bought a scroll of identify for 26 gold pieces
  3074 | D        | Bought a +0 buckler for 49 gold pieces
  3089 | D        | Bought a ration for 50 gold pieces
  3176 | D        | Killed a lindwurm
  3176 | D        | Reached skill level 1 in Shields
  3400 | D        | Bought a pair of runed gloves for 232 gold pieces
  3513 | D        | Reached skill level 5 in Spellcasting
  3942 | D        | Paralysed by a floating eye for 2 turns
  3956 | D        | Bought a smoking ring mail for 207 gold pieces
  3956 | D        | Bought a bloodstained leather armour for 161 gold pieces
  3959 | D        | Identified the +1 ring mail of Inaction {rPois} (You bought
                  | it in a shop in the Dungeon)
  3972 | D        | Bought a potion of cancellation for 80 gold pieces
  3972 | D        | Bought a potion of mutation for 80 gold pieces
  3985 | D        | Bought a wand of clouds (4) for 288 gold pieces
  4001 | D        | Bought a ration for 50 gold pieces
  4046 | D        | Noticed a daeva
  4047 | D        | Noticed an unseen horror
  4048 | D        | Noticed an unseen horror
  4058 | D        | Killed an unseen horror
  4058 | D        | Reached skill level 5 in Shields
  4058 | D        | Reached skill level 14 in Evocations
  4058 | D        | Gained mutation: You have a pair of small antennae on your
                  | head. [demonic ancestry]
  4058 | D        | Reached XP level 11. HP: 63/96 MP: 21/21
  4064 | D        | Killed an unseen horror
  4265 | D        | Noticed an unseen horror
  4265 | D        | Noticed an unseen horror
  4273 | D        | Killed an unseen horror
  4277 | D        | Killed an unseen horror
  4464 | D        | Noticed an unseen horror
  4472 | D        | Killed an unseen horror
  4489 | D        | Got an ancient chain mail
  4501 | D        | Killed from afar by a daeva

Levels and vault maps discovered:
D:        dungeon_sprint_1 [red_sonja_temple_1, red_sonja_temple_small_1]

Skill      XL: |  1  2  3  4  5  6  7  8  9 10 11 |
---------------+----------------------------------+-----
Fighting       | 3 5 7 9 10 11 12 | 12.6
Dodging        | 3 5 6 9 10 11 12 13 | 13.5
Evocations     | 4 6 7 10 11 12 14 | 14.7
Armour         | 4 5 6 8 9 |  9.3
Spellcasting   | 5 7 |  7.3
Shields        | 5 6 |  6.8
Short Blades   | |  0.8
Stealth        | |  0.8

Action                   |  1- 3 |  4- 6 |  7- 9 | 10-12 || total
-------------------------+-------+-------+-------+-------++-------
Melee: Short sword       |       |     1 |       |       ||     1
       Dagger            |       |       |    83 |    32 ||   115
       Demon blade       |       |       |       |   127 ||   127
Invok: Call Merchant     |       |       |     2 |       ||     2
       Potion Petition   |       |       |     1 |       ||     1
Evoke: Wand              |     5 |     9 |    19 |       ||    33
  Use: Scroll            |     1 |       |     5 |     1 ||     7
       Potion            |       |       |     2 |     2 ||     4
 Stab: Paralysed         |       |       |     3 |       ||     3
       Distracted        |       |       |       |     1 ||     1
       Sleeping          |       |       |       |     1 ||     1
  Eat: Ration            |       |       |     3 |     2 ||     5
Armor: Ring mail         |       |     1 |    53 |    69 ||   123
       Leather armour    |       |     1 |       |       ||     1
Dodge: Dodged            |     1 |     2 |    84 |   150 ||   237
Block: Buckler           |       |       |       |    39 ||    39
       Rpst.: Demon blade |       |       |       |    33 ||    33

Table legend:
 A = Non-vault XP
 B = Vault XP
 C = Vault XP percentage of total XP
 D = Non-vault monster count
 E = Vault monster count
 F = Vault count percentage of total count
                 A         B        C        D         E       F
            +---------+---------+-------+---------+---------+-------
      Total |       0 |   15117 | 100.0 |       0 |      51 | 100.0
            +---------+---------+-------+---------+---------+-------
          D |       0 |   15117 | 100.0 |       0 |      51 | 100.0
            +---------+---------+-------+---------+---------+-------
